 Dungeon Crawl Stone Soup version 0.21.0-3-g78d12a8 (webtiles) character file.

10477 pstr the Geomancer (level 11, -19/87 HPs)
             Began as a Naga Earth Elementalist on Jan 16, 2018.
             Was a High Priest of Cheibriados.
             Demolished by a two-headed ogre
             ... wielding a +0 giant club
              (23 damage)
             ... on level 11 of the Dungeon.
             The game lasted 00:42:26 (14783 turns).

pstr the Geomancer (Naga Earth Elementalist)       Turns: 14783, Time: 00:42:27

Health: -19/87     AC:  9    Str: 25    XL:     11   Next: 62%
Magic:  5/24       EV: 15    Int: 37    God:    Cheibriados [*****.]
Gold:   822        SH:  0    Dex: 25    Spells: 20/29 levels left

rFire    + . .     SeeInvis +   O - +6 whip of Nucyliaplie {slash, rPois}
rCold    + . .     Gourm    .   (no shield)
rNeg     . . .     Faith    .   R - +2 ring mail {rPois}
rPois    +         Spirit   .   (no helmet)
rElec    +         Reflect  .   I - +0 cloak
rCorr    +         Harm     .   (no gloves)
MR       +....                  (no barding)
Stlth    +++.......             U - amulet of regeneration
HPRegen  0.64/turn              l - +3 ring of evasion
MPRegen  0.19/turn              w - +4 ring of intelligence

@: resistant, slowed, very slow
A: large, see invisible, deformed body, poison resistance, slowness 2, slow
metabolism 1, spit poison 1, AC +3
a: Spit Poison, Bend Time, Temporal Distortion, Slouch, Step From Time, Renounce
Religion


You were on level 11 of the Dungeon.
You worshipped Cheibriados.
Cheibriados was extremely pleased with you.
You were near starving.

You visited 1 branch of the dungeon, and saw 11 of its levels.
You also visited: Bailey.

You collected 822 gold pieces.

Inventory:

Hand Weapons
 f - a +1 short sword
 u - a +0 great sword
 O - the +6 whip of Nucyliaplie (weapon) {slash, rPois}
   (You found it on level 8 of the Dungeon)

   It inflicts extra damage upon your enemies.
   It protects you from poison.
 S - a +3 battleaxe of flaming
Missiles
 s - 226 stones (quivered)
Armour
 c - a +0 robe
 F - a +0 leather armour
 I - a +0 cloak (worn)
 R - a +2 ring mail of poison resistance (worn)
 V - a +0 pair of boots of stealth
 W - the +3 gold dragon scales of Zebyl {rPois rF+ rC+ rN+}
   (You found it in a bailey)

   It protects you from fire.
   It protects you from cold.
   It protects you from poison.
   It protects you from negative energy.
Magical Staves
 g - an uncursed staff of death
 r - an uncursed staff of conjuration
 D - an uncursed staff of cold
 P - an uncursed staff of poison
Jewellery
 l - a +3 ring of evasion (left hand)
 o - a +3 ring of strength
 w - a +4 ring of intelligence (right hand)
 K - a cursed -3 ring of dexterity {unknown}
 N - a +2 ring of evasion
 U - an amulet of regeneration (around neck)
Wands
 t - a wand of acid (12)
 H - a wand of disintegration (8)
 Z - a wand of polymorph (19)
Scrolls
 b - 2 scrolls of amnesia
 j - 4 scrolls of teleportation
 p - 2 scrolls of enchant weapon
 q - a scroll of fog
 x - 2 scrolls of noise
 y - 3 scrolls of identify
 A - 2 scrolls of fear {unknown}
 G - 2 scrolls of blinking {unknown}
 M - a scroll of random uselessness {unknown}
Potions
 a - 15 potions of degeneration
 h - 2 potions of haste
 i - 6 potions of curing
 k - 2 potions of ambrosia {unknown}
 m - a potion of cancellation
 n - a potion of agility
 v - 2 potions of invisibility
 z - 4 potions of might {unknown}
 B - a potion of lignification {unknown}
 C - a potion of heal wounds {unknown}
 J - a potion of flight {unknown}
Books
 e - a book of Geomancy

   Spells                             Type                      Level
   a - Sandblast                      Earth                        1
   b - Passwall                       Transmutation/Earth          2
   c - Stone Arrow                    Conjuration/Earth            3
   d - Petrify                        Transmutation/Earth          4
   e - Lee's Rapid Deconstruction     Earth                        5
 E - a book of Frost

   Spells                             Type                      Level
   a - Freeze                         Ice                          1
   b - Throw Frost                    Conjuration/Ice              2
   c - Ozocubu's Armour               Charms/Ice                   3
   d - Throw Icicle                   Conjuration/Ice              4
   e - Summon Ice Beast               Ice/Summoning                4
 L - a book of Minor Magic

   Spells                             Type                      Level
   a - Magic Dart                     Conjuration                  1
   b - Blink                          Translocation                2
   c - Call Imp                       Summoning                    2
   d - Slow                           Hexes                        2
   e - Conjure Flame                  Conjuration/Fire             3
   f - Mephitic Cloud                 Conjuration/Poison/Air       3
 Q - a book of Debilitation

   Spells                             Type                      Level
   a - Corona                         Hexes                        1
   b - Slow                           Hexes                        2
   c - Inner Flame                    Hexes/Fire                   3
   d - Portal Projectile              Hexes/Translocation          3
   e - Cause Fear                     Hexes                        4
   f - Leda's Liquefaction            Hexes/Earth                  4
 X - a book of Fire

   Spells                             Type                      Level
   a - Ignite Poison                  Fire/Transmutation/Poison    3
   b - Fireball                       Conjuration/Fire             5
   c - Bolt of Fire                   Conjuration/Fire             6
   d - Ring of Flames                 Charms/Fire                  7
   e - Ignition                       Fire                         8
Comestibles
 d - 20 rations


   Skills:
 + Level 2.3 Fighting
 + Level 0.8(1.6) Short Blades
 + Level 2.2(2.3) Long Blades
 + Level 0.1 Throwing
 + Level 3.0 Armour
 + Level 4.5 Dodging
 + Level 5.3 Stealth
 + Level 9.7 Spellcasting
 + Level 7.1 Conjurations
   Level 1.0 Transmutations
 + Level 10.5 Earth Magic


You had 20 spell levels left.
You knew the following spells:

 Your Spells              Type           Power        Failure   Level  Hunger
a - Sandblast             Erth           ######       1%          1    None
b - Stone Arrow           Conj/Erth      ######       1%          3    None
c - Lee's Rapid Deconstr  Erth           #######...   1%          5    ##.....


Dungeon Overview and Level Annotations

Branches:
Dungeon (11/15)            Temple (0/1) D:6            Lair (0/6) D:9
    Orc (0/2) D:10

Altars:
Cheibriados
Dithmenos
Elyvilon
Fedhas
Gozag
Hepliaklqana
Kikubaaqudgha
Makhleb
Nemelex Xobeh
Okawaru
Ru
Uskayaw
Vehumet
Wu Jian
Zin

Shops:
D:10 }


Innate Abilities, Weirdness & Mutations

You cannot wear boots.
Your serpentine skin is tough. (AC +3)
You have supernaturally acute eyesight. (SInv)
Armour fits poorly on your strangely shaped body.
Your system is resistant to poisons. (rPois)
You cover ground very slowly.
You have a slow metabolism.
You can spit poison.


Message History

* * * LOW HITPOINT WARNING * * *
The wraith closely misses you.
The two-headed ogre hits you with a giant club.
* * * LOW HITPOINT WARNING * * *
The two-headed ogre misses you. The wraith hits you!
* * * LOW HITPOINT WARNING * * *
The wraith drains your vigour!
You feel as though you will be slow longer.
You feel better. The wraith misses you.
The two-headed ogre hits you with a giant club!
* * * LOW HITPOINT WARNING * * *
The two-headed ogre misses you. The wraith barely misses you.
You feel better. The two-headed ogre closely misses you.
The two-headed ogre hits you with a giant spiked club!
* * * LOW HITPOINT WARNING * * *
The wraith hits you.
* * * LOW HITPOINT WARNING * * *
You feel protected.
The two-headed ogre hits you with a giant club!!
You die...

#..........#.
###......##.%#.
#....>.#.##....
#......#.###.##
####......#.# #..
#.........#.# #### ###
#...........#
##©#########.....#.....#
#####...#.......@W.).#.....#
...###.##.######.O...###+#.#
##.# #....# ##........#.#
##.# ####.# ########## #
##.# #.# ##.# #.# ##.# #.#
#########.# ..<.......#


You could see a two-headed ogre and a wraith.

Vanquished Creatures
  An unseen horror (D:10)
  The ghost of Gobbopathe the Frost Mage, a novice BaIE of Cheibriados (D:8)
  An orc knight (Bailey)
  Maurice (D:9)
  3 centaur skeletons
  A komodo dragon (D:10)
  3 trolls
  3 hippogriffs (D:8)
  Sigmund (D:4)
  A vampire (D:10)
  A hungry ghost (D:8)
  The ghost of komo4ek the Magician, an amateur DEFE of Kikubaaqudgha (D:4)
  2 hell hounds (D:9)
  A swamp drake (D:10)
  Duvessa (D:4)
  3 ice beasts
  4 sky beasts
  10 orc warriors
  4 phantoms
  2 black bears
  An eye of draining (D:11)
  3 centaurs
  2 necrophages
  7 ogres
  3 bullfrogs
  Dowan (D:4)
  A scorpion (D:5)
  10 killer bees
  5 wights (D:8)
  2 howler monkeys (D:4)
  3 crimson imps
  6 orc priests
  7 hounds
  4 jellies
  A bullfrog skeleton (D:10)
  Ijyb (D:3)
  3 iguanas
  13 orc wizards
  9 worker ants
  A hound zombie (D:8)
  A worker ant zombie (D:9)
  8 adders
  An adder skeleton (D:5)
  3 worms
  2 dart slugs
  3 leopard geckos
  58 orcs
  2 ball pythons (D:2)
  11 bats
  5 giant cockroaches
  11 hobgoblins
  15 jackals
  4 quokkas
  4 frilled lizards
  9 goblins
  12 kobolds
  A leopard gecko zombie (D:2)
  2 quokka zombies (D:8)
  6 rats
286 creatures vanquished.

Notes
Turn   | Place    | Note
-------+----------+-------------------------------------------
     0 | D:1      | pstr the Naga Earth Elementalist began the quest for the Orb.
     0 | D:1      | Reached XP level 1. HP: 15/15 MP: 3/3
   261 | D:1      | Reached XP level 2. HP: 22/22 MP: 1/5
  1120 | D:2      | Found a sacrificial altar of Ru.
  1125 | D:2      | Reached XP level 3. HP: 28/28 MP: 2/6
  1130 | D:2      | Learned a level 3 spell: Stone Arrow
  1406 | D:2      | Reached skill level 4 in Earth Magic
  1879 | D:2      | Reached XP level 4. HP: 36/36 MP: 4/8
  3125 | D:3      | Noticed Ijyb
  3133 | D:3      | Paralysed by Ijyb for 4 turns
  3144 | D:3      | Paralysed by Ijyb for 7 turns
  3158 | D:3      | Paralysed by Ijyb for 6 turns
  3178 | D:3      | Paralysed by Ijyb for 3 turns
  3183 | D:3      | Killed Ijyb
  3364 | D:3      | Reached XP level 5. HP: 42/42 MP: 1/9
  3661 | D:3      | Found a white marble altar of Elyvilon.
  3662 | D:3      | Found a hazy altar of Hepliaklqana.
  3842 | D:3      | Found an ancient bone altar of Kikubaaqudgha.
  3846 | D:3      | Found a radiant altar of Vehumet.
  3849 | D:3      | Found a glowing silver altar of Zin.
  3962 | D:3      | Found an iron altar of Okawaru.
  4069 | D:4      | Noticed komo4ek's ghost (amateur DEFE)
  4076 | D:4      | Killed komo4ek's ghost
  4076 | D:4      | Reached skill level 1 in Conjurations
  4076 | D:4      | Reached XP level 6. HP: 42/50 MP: 1/11
  4163 | D:4      | Noticed Dowan
  4164 | D:4      | Noticed Duvessa
  4171 | D:4      | Killed Duvessa
  4171 | D:4      | Reached skill level 5 in Earth Magic
  4182 | D:4      | Killed Dowan
  4196 | D:4      | Reached XP level 7. HP: 36/56 MP: 0/13
  4328 | D:4      | Reached skill level 1 in Long Blades
  4559 | D:4      | Found a snail-covered altar of Cheibriados.
  4580 | D:4      | Learned a level 5 spell: Lee's Rapid Deconstruction
  4583 | D:4      | Became a worshipper of Cheibriados the Contemplative
  4812 | D:4      | Noticed Sigmund
  4818 | D:4      | Killed Sigmund
  4818 | D:4      | Reached skill level 1 in Fighting
  4818 | D:4      | Reached skill level 6 in Earth Magic
  4825 | D:4      | Reached skill level 5 in Spellcasting
  4846 | D:4      | Reached XP level 8. HP: 31/64 MP: 0/15
  5480 | D:5      | Entered Level 5 of the Dungeon
  5836 | D:5      | Found an ornate altar of the Wu Jian Council.
  5880 | D:5      | Found a hide-covered altar of Uskayaw.
  6133 | D:5      | Found a shadowy altar of Dithmenos.
  6517 | D:5      | Found a blossoming altar of Fedhas.
  6833 | D:6      | Reached * piety under Cheibriados
  7112 | D:6      | Found an opulent altar of Gozag.
  7264 | D:6      | Reached skill level 7 in Earth Magic
  7274 | D:6      | Reached XP level 9. HP: 53/70 MP: 4/18
  7522 | D:6      | Reached skill level 5 in Stealth
  7864 | D:6      | Found a sparkling altar of Nemelex Xobeh.
  7921 | D:6      | Reached ** piety under Cheibriados
  8081 | D:6      | Found a staircase to the Ecumenical Temple.
  8930 | D:8      | Noticed Gobbopathe's ghost (novice BaIE)
  9048 | D:8      | Killed Gobbopathe's ghost
  9048 | D:8      | Reached skill level 8 in Earth Magic
  9330 | D:8      | Reached skill level 5 in Conjurations
  9337 | D:8      | Found a burning altar of Makhleb.
  9340 | D:8      | Reached XP level 10. HP: 77/80 MP: 2/21
  9442 | D:8      | Reached *** piety under Cheibriados
 10174 | D:8      | Got a dazzling whip
 10175 | D:8      | Identified the +6 whip of Nucyliaplie {slash, rPois} (You found it on level 8 of the Dungeon)
 10545 | D:9      | Noticed Maurice
 10552 | D:9      | Killed Maurice
 10552 | D:9      | Reached skill level 9 in Earth Magic
 10998 | D:9      | Reached **** piety under Cheibriados
 11235 | D:9      | Found a staircase to the Lair.
 11243 | D:9      | Reached skill level 1 in Armour
 11573 | D:10     | Entered Level 10 of the Dungeon
 11616 | D:10     | Found a flagged portal.
 11654 | D:10     | Reached XP level 11. HP: 84/86 MP: 1/24
 11762 | Bailey   | Entered a bailey
 12051 | Bailey   | Noticed an orc knight
 12192 | Bailey   | Reached skill level 10 in Earth Magic
 12313 | Bailey   | Killed an orc knight
 12540 | Bailey   | Got steaming gold dragon scales
 12553 | Bailey   | Identified the +3 gold dragon scales of Zebyl {rPois rF+ rC+ rN+} (You found it in a bailey)
 12673 | D:10     | Reached ***** piety under Cheibriados
 12874 | D:10     | Noticed an unseen horror
 12879 | D:10     | Killed an unseen horror
 13051 | D:10     | Found Qeesmez's Gadget Emporium.
 13710 | D:10     | Found a staircase to the Orcish Mines.
 14776 | D:11     | Noticed a two-headed ogre
 14782 | D:11     | HP: 3/87 [wraith (2)]
 14783 | D:11     | Demolished by a two-headed ogre

Skill      XL: |  1  2  3  4  5  6  7  8  9 10 11 |
---------------+----------------------------------+-----
Earth Magic    | 4 5 6 7 8 9 10 | 10.5
Spellcasting   | 3 4 5 6 7 9 |  9.7
Dodging        | 2 3 4 |  4.5
Conjurations   | 1 3 5 6 7 |  7.1
Long Blades    | 1 2 |  2.2
Fighting       | 1 2 |  2.3
Stealth        | 4 5 |  5.3
Armour         | 1 3 |  3.0
Short Blades   | |  0.8
Throwing       | |  0.1
Transmutations | |  1.0

Action                   |  1- 3 |  4- 6 |  7- 9 | 10-12 || total
-------------------------+-------+-------+-------+-------++-------
Melee: Short sword       |    14 |    30 |    13 |       ||    57
       Great sword       |       |    11 |    20 |       ||    31
       Whip              |       |       |       |    10 ||    10
Throw: Stone             |       |     1 |       |       ||     1
 Cast: Sandblast         |    39 |    31 |    27 |    11 ||   108
       Stone Arrow       |     7 |    45 |   129 |   198 ||   379
       Lee's Rapid Decon |       |       |     2 |    12 ||    14
 Abil: Spit Poison       |    10 |    23 |    24 |    23 ||    80
  Use: Scroll            |       |       |    12 |       ||    12
       Potion            |       |       |     2 |     3 ||     5
  Eat: Chunk             |     3 |    12 |    16 |    11 ||    42
Armor: Robe              |     4 |    33 |    31 |     8 ||    76
       Ring mail         |       |       |       |    46 ||    46
Dodge: Dodged            |    29 |   104 |   138 |   129 ||   400
       Rpst.: Great sword |       |    10 |    11 |       ||    21
